 Dungeon Crawl Stone Soup version 0.30-a0-1006-g5d778dfbfc (webtiles) character file.

Game seed: 9763598126309262392

6899 kae the Transmogrifier (level 10, -3/78 HPs)
             Began as a Demonspawn Transmuter on Apr 5, 2023.
             Was a Follower of Makhleb.
             Slain by an orc warrior
             ... wielding a +0 heavy scimitar
              (16 damage)
             ... on level 9 of the Dungeon.
             The game lasted 00:15:04 (10494 turns).

kae the Transmogrifier (Demonspawn Transmuter)     Turns: 10494, Time: 00:15:04

Health: -3/78      AC:  8    Str: 16    XL:     10   Next: 79%
Magic:  14/20      EV: 10    Int: 19    God:    Makhleb [*.....]
Gold:   1281       SH:  4    Dex: 14    Spells: 6/22 levels left

rFire   x . .      SeeInvis .      - Unarmed
rCold   + + +      Faith    .    (shield currently unavailable)
rNeg    . . .      Spirit   .    a - melded +0 robe
rPois   +          Reflect  .    (helmet currently unavailable)
rElec   .          Rampage  .    (cloak currently unavailable)
rCorr   .                        f - melded +2 pair of gloves {Str+3}
Will    +....                    (boots currently unavailable)
Stlth   +                        n - amulet "Fogedden" {Acrobat +Blink rPois Will+}
HPRegen 0.33/turn                S - +6 ring of strength
MPRegen 0.17/turn                (no ring)

@: ice-form
A: freezing attack, amphibious, boosted hp, large, (hooves 1), demonic guardian
1, (sturdy frame 2), condensation shield
a: End Transformation, Renounce Religion, Evoke Blink


You were on level 9 of the Dungeon.
You worshipped Makhleb.
Makhleb was aware of your devotion.
You were a creature of crystalline ice.
You visited 2 branches of the dungeon, and saw 10 of its levels.
You also visited: Sewer and Ossuary.

You collected 1719 gold pieces.
You spent 438 gold pieces at shops.


Innate Abilities, Weirdness & Mutations

You are a creature of crystalline ice.
You have a powerful freezing melee attack.
You are amphibious.
Your maximum health is increased.
Your armour is entirely melded.
You are incapable of wielding weapons or throwing items.
((You have large cloven feet.))
A weak demonic guardian rushes to your aid.
((Your movements are less encumbered by armour. (ER -4)))
A meltable shield of frost defends you. (SH +4)


   Skills:
 - Level 1.0 Fighting
 - Level 1.7 Dodging
 + Level 6.7 Unarmed Combat
 + Level 6.7 Spellcasting
 * Level 9.1 Transmutations
 - Level 5.0 Ice Magic
 * Level 5.5 Earth Magic
 - Level 2.0 Poison Magic
 + Level 4.3 Invocations


You had 6 spell levels left.
You knew the following spells:

 Your Spells              Type           Power      Damage    Failure   Level
a - Beastly Appendage     Tmut           82%        N/A       1%          1
b - Wereblood             Tmut           41%        N/A       1%          2
c - Spider Form           Tmut/Pois      27%        N/A       3%          3
d - Ice Form              Ice/Tmut       33%        N/A       5%          4
e - Statue Form           Tmut/Erth      22%        N/A       61%         6

Your spell library contained the following spells:

 Spells                   Type           Power      Damage    Failure   Level
 Ignite Poison            Fire/Tmut/Pois 20%        N/A       7%          3
 Cigotuvi's Dreadful Rot  Necr/Pois/Air  16%        N/A       12%         2
 Static Discharge         Conj/Air       12%        2-3/arc   16%         2
 Lee's Rapid Deconstruct  Erth           13%        3d9*      30%         5
 Leda's Liquefaction      Hex/Erth       8%         N/A       32%         4
 Irradiate                Conj/Tmut      11%        3d15      41%         5
 Airstrike                Air            3%         2d(1-17)  71%         4
 Cause Fear               Hex            3%         N/A       71%         4
 Summon Lightning Spire   Summ/Air       6%         N/A       71%         4
 Freezing Cloud           Conj/Ice/Air   6%         6-21      82%         5
 Storm Form               Tmut/Air       11%        N/A       100%        7

Inventory:

Missiles
 i - 34 poisoned darts
 l - 80 stones
 s - 2 datura-tipped darts
Armour
 a - a +0 robe (melded)
 f - a +2 pair of gloves of strength (melded)
   (You found it on level 1 of the Dungeon)
Magical Staves
 C - a staff of poison {!a}
   (You found it on level 7 of the Dungeon)
Jewellery
 n - the amulet "Fogedden" (around neck) {Acrobat +Blink rPois Will+}
   (You acquired it on level 4 of the Dungeon)

   [amulet of the acrobat]

   It increases your evasion while moving and waiting.
   rPois:     It protects you from poison.
   +Blink:    It lets you blink.
   Will:      It increases your willpower.
 v - an amulet of reflection
   (You found it on level 6 of the Dungeon)
 I - a +6 ring of intelligence
   (You found it on level 7 of the Dungeon)
 K - an amulet of magic regeneration
   (You found it on level 9 of the Dungeon)
 S - a +6 ring of strength (left front paw)
   (You found it on level 3 of the Dungeon)
Wands
 q - a wand of charming (2)
   (You took it off Joseph on level 8 of the Dungeon)
 D - a wand of iceblast (10)
   (You found it on level 7 of the Dungeon)
 J - a wand of quicksilver (10)
   (You took it off an orc on level 8 of the Dungeon)
Scrolls
 h - 4 scrolls of immolation {!r!r}
 j - 2 scrolls of fear
 p - 2 scrolls of vulnerability {!r!r}
 r - a scroll of enchant armour
 w - a scroll of teleportation {@r4}
 y - a scroll of enchant weapon
 E - a scroll of magic mapping {!r}
Potions
 b - 5 potions of lignification {!q}
 c - 4 potions of heal wounds {@q2}
 d - 9 potions of curing {@q1}
 e - 2 potions of mutation {!q}
 g - 3 potions of haste {unknown}
 k - 5 potions of magic
 m - 2 potions of resistance
 o - 3 potions of ambrosia
 t - 2 potions of brilliance
 u - 2 potions of degeneration {unknown}
 x - 2 potions of might {unknown}
 z - a potion of berserk rage {!q}
 A - 2 potions of flight {unknown}
 B - 2 potions of attraction {unknown}
 H - a potion of cancellation {unknown}

Dungeon Overview and Level Annotations

Branches:
Dungeon (9/15) Zot: 25163  Temple (1/1) D:7 Zot: 5946    Lair (0/5) D:8
  Sewer (visited)         Ossuary (visited)
    Orc: D:9-12

Altars:
Ashenzari
Cheibriados
Dithmenos
Fedhas
Gozag
Hepliaklqana
Makhleb
Nemelex Xobeh
Okawaru
Qazlal
Ru
Sif Muna
Trog
Uskayaw
Vehumet
Xom
Yredelemnul

Shops:
D:1 [([*(   D:5 :*   D:6 :

Annotations:
D:6 Prince Ribbit

........!...#
............#
#######.[...#
.....#.....#
.....#.....#
.....'.....#
..###o....#
#.o)....#
#.Y####.#
#)5# .# #....
.# #..._.#..
#.....#..
#..#..#
##.#### #+#


You could see an orc warrior (ally target), an orc and a friendly ufetubus
(summoned).


Message History

You howl as the wereblood boils in your veins!
You warm up again.
Your +2 pair of gloves of strength unmelds from your body.
Your +0 robe unmelds from your body.
You feel stronger.
You hear a shout!
There is a stone staircase leading up here. 😱 HP[-2]
You now have 65 max hp (-13).
You start resting.
You hear a shout! x3
Your primal bloodlust is almost over. 😱 HP[+4]
You regained 4 hp, and now have 13/65 hp.
Unknown command.
You hear a shout!
Your iron imp disappears in a puff of smoke!
An orc comes into view. It is wielding a +0 dagger. 😱 HP[+1]
An orc is nearby!
An orc is nearby!
Unknown command.
An orc is nearby!
You howl as the wereblood boils in your veins!
You climb upwards.
There is a stone staircase leading down, spattered with blood here.
You see here a +0 short sword.
Your primal bloodlust has ended.
Key pressed, stopping explore.
Done exploring. 😕 HP[+41]
You regained 41 hp, and now have 55/65 hp.
Done exploring.
You start resting. 😎 HP[+10]
Your hp is fully restored (65).
You can't go up here!
You climb downwards.
The orc warrior shouts!
The orc misses you.
There is a stone staircase leading up here.
There are monsters nearby!
You barely miss the orc. You kick the orc. The orc closely misses you.
You hit the orc but do no damage. The orc hits you but does no damage.
The orc warrior hits you with a +0 heavy scimitar!! 😮 HP[-23]
You take 23 damage, and now have 42/65 hp.
MASSIVE DAMAGE!! (PAUSE)
Casting: Wereblood (safe; 1% risk of failure)
Confirm with . or Enter, or press ? or * to list all spells.
You turn into a venomous arachnid creature.
Your +2 pair of gloves of strength melds into your body.
Your +0 robe melds into your body.
You feel weaker. The orc barely misses you. You block the orc warrior's attack.
The orc misses you. 😮 HP[+1] MP[-3]
You lost 3 mp, and now have 17/20 mp.
Casting: Spider Form (dangerous; 11% risk of failure)
Confirm with . or Enter, or press ? or * to list all spells.
Your transformation has ended.
Your +2 pair of gloves of strength unmelds from your body.
Your +0 robe unmelds from your body.
You feel stronger.
You turn into a creature of crystalline ice.
Your +2 pair of gloves of strength melds into your body.
Your +0 robe melds into your body.
You feel weaker. The orc hits you but does no damage.
An orc comes into view. It is wielding a +0 trident.
The orc warrior hits you with a +0 heavy scimitar!
You block the orc's attack. The orc closely misses you.
The orc warrior hits you with a +0 heavy scimitar!
* * * LOW HITPOINT WARNING * * *
😨 HP[-16] MP[-4]
You now have 78 max hp (+13).
You take 16 damage, and now have 27/78 hp.
MASSIVE DAMAGE!! (PAUSE)
You lost 4 mp, and now have 13/20 mp.
You punch the orc! You freeze the orc.
You kill the orc!
Makhleb accepts your kill.
You feel better. The orc completely misses you. 😨 HP[+1]
You hit the orc warrior but do no damage.
The orc hits you but does no damage.
You block the orc warrior's attack. 😨 HP[+1] MP[+1]
You punch the orc warrior! You freeze the orc warrior.
The orc barely misses you.
You punch the orc warrior! You freeze the orc warrior.
The orc warrior hits you with a +0 heavy scimitar!
* * * LOW HITPOINT WARNING * * *
A demonic guardian appears!
You block the orc's attack. 😱 HP[-16]
You take 16 damage, and now have 13/78 hp.
MASSIVE DAMAGE!! (PAUSE)
You hit the orc warrior but do no damage.
The orc barely misses you.
The orc warrior hits you with a +0 heavy scimitar!
You die...

Skill      XL: |  1  2  3  4  5  6  7  8  9 10 |
---------------+-------------------------------+-----
Transmutations | 2 3 4 5 6 8 9 |  9.1
Unarmed Combat | 3 4 5 6 |  6.7
Poison Magic   | 1 2 |  2.0
Spellcasting   | 3 4 5 6 |  6.7
Ice Magic      | 2 4 5 |  5.0
Earth Magic    | 3 5 |  5.5
Invocations    | 1 4 |  4.3
Fighting       | |  1.0
Dodging        | |  1.7

Action                     |  1- 3 |  4- 6 |  7- 9 | 10-12 || total
---------------------------+-------+-------+-------+-------++-------
  Melee: Unarmed           |    93 |    85 |   370 |   170 ||   718
         Kick              |    23 |     7 |    15 |     1 ||    46
         Headbutt          |     9 |     5 |     1 |       ||    15
         Punch             |     1 |       |     1 |       ||     2
   Cast: Beastly Appendage |    22 |     7 |     1 |       ||    30
         Spider Form       |     1 |    10 |    17 |     1 ||    29
         Wereblood         |       |     1 |     9 |     6 ||    16
         Ice Form          |       |       |    28 |    16 ||    44
    Use: Scroll            |     6 |     6 |     7 |     5 ||    24
         Potion            |       |     3 |     1 |     2 ||     6
   Stab: Invisible         |       |     2 |       |     5 ||     7
         Sleeping          |       |       |     2 |       ||     2
 Armour: Robe              |    16 |    10 |     7 |     1 ||    34
         Skin              |       |     3 |    60 |    59 ||   122
  Dodge: Dodged            |    53 |    75 |   211 |   117 ||   456
  Block: Other             |       |       |    20 |    29 ||    49

Levels and vault maps discovered:
D:1:      mainiacjoe_arrival_reflecting_pool, layout_loops_corners,
          serial_shops, nicolae_shop_bloodbath_and_beyond,
          nicolae_shop_behind_doors, nicolae_shop_hallway_plus, shop,
          nicolae_shop_hallway_stairs, minmay_split_cup_large
D:2:      layout_loops_cross, uniq_terence
D:3:      layout_basic, nicolae_hepliaklqana_hazy_memory,
          hellmonk_ecumenical_altar_pennies_from_heaven, uniq_grinder
D:4:      layout_gridville, portal_sewer_entry_b, minmay_three_crescents
D:5:      layout_cave_pools, trog_antimagical, serial_shops,
          nicolae_shop_behind_doors, nicolae_shop_overcharged_wands
D:6:      layout_loops_ring, xom_teletrap_fun, serial_shops, shop,
          nicolae_ossuary_entry_catacombs, grunt_ministairs_6,
          hangedman_decor_peaks_small, uniq_menkaure, uniq_sigmund,
          uniq_prince_ribbit1
D:7:      layout_layer_cave, minmay_temple_entry_hall, st_stairs_7, uniq_maggie
D:8:      layout_rooms, erik_lair_dragon, uniq_joseph, uniq_pikel, uniq_psyche
D:9:      kennysheep_blocky_hall, layout_irregular_city,
          mainiacjoe_overflow_cross_hatched, mainiacjoe_overflow_alcove_1,
          st_stairs_1, hangedman_corner_corridor
Temple:   hellmonk_temple_divided_pantheon

Notes
Turn   | Place    | Note
-------+----------+-------------------------------------------
     0 | D:1      | kae the Demonspawn Transmuter began the quest for the Orb.
     0 | D:1      | Reached XP level 1. HP: 15/15 MP: 3/3
     0 | D:1      | magus.rc [v1.11.3]
    71 | D:1      | Reached skill level 2 in Transmutations
    72 | D:1      | You pick up a book of Storms and begin reading...
    72 | D:1      | You add the spells Static Discharge, Airstrike and Summon
                  | Lightning Spire to your library.
   259 | D:1      | Found Conomn's Antique Weapon Shop.
   280 | D:1      | Gained mutation: Your movements are slightly less
                  | encumbered by armour. (ER -2) [demonic ancestry]
   280 | D:1      | Reached XP level 2. HP: 21/21 MP: 3/5
   406 | D:1      | Reached skill level 3 in Unarmed Combat
   409 | D:1      | Learned a level 2 spell: Wereblood
   606 | D:1      | Found Poifucs's Weapon Shop.
   635 | D:1      | Found Ydimp's Antique Armour Shop.
   726 | D:1      | Found Boag's Antique Armour Shop.
   760 | D:1      | Lost mutation: You have razor-sharp toenails. [demonic
                  | ancestry]
   760 | D:1      | Lost mutation: You have sharp toenails. [demonic ancestry]
   760 | D:1      | Gained mutation: You have large cloven feet. [demonic
                  | ancestry]
   760 | D:1      | Reached XP level 3. HP: 26/26 MP: 4/6
   764 | D:1      | Learned a level 3 spell: Spider Form
   903 | D:1      | Found Iffos's General Store.
   919 | D:1      | Bought a potion of curing for 42 gold pieces
  1679 | D:2      | Noticed Terence
  1687 | D:2      | Killed Terence
  1688 | D:2      | Reached skill level 1 in Poison Magic
  1688 | D:2      | Gained mutation: A weak demonic guardian rushes to your
                  | aid. [demonic ancestry]
  1688 | D:2      | Reached XP level 4. HP: 23/32 MP: 3/7
  1819 | D:3      | Noticed Grinder
  1898 | D:3      | Found a hazy altar of Hepliaklqana.
  1936 | D:3      | Reached skill level 3 in Transmutations
  2060 | D:3      | HP: 7/32 [Grinder (2)]
  2061 | D:3      | Killed Grinder
  2062 | D:3      | Reached skill level 3 in Spellcasting
  2062 | D:3      | Reached skill level 2 in Poison Magic
  2062 | D:3      | Reached XP level 5. HP: 8/37 MP: 5/10
  2062 | D:3      | Reached XP level 6. HP: 9/43 MP: 5/11
  2112 | D:3      | Found a faded altar of an unknown god.
  2435 | D:4      | Identified 2 scrolls of acquirement
  2435 | D:4      | Acquired the amulet "Fogedden" {Acrobat +Blink rPois Will+}
  2460 | D:4      | Reached skill level 4 in Transmutations
  2696 | D:4      | Reached skill level 4 in Unarmed Combat
  2696 | D:4      | Reached skill level 4 in Spellcasting
  2696 | D:4      | Reached XP level 7. HP: 24/48 MP: 8/13
  2699 | D:4      | HP: 10/48 [orc wizard/+0 dagger (4)]
  2728 | D:4      | Found a glowing drain.
  2750 | Sewer    | Entered a sewer
  2847 | Sewer    | Learned a level 4 spell: Ice Form
  2895 | Sewer    | HP: 11/48 [hell rat (18)]
  2895 | Sewer    | HP: 3/46 [hell rat (8)]
  2899 | Sewer    | Reached skill level 5 in Transmutations
  3102 | D:4      | You add the spells Cigotuvi's Dreadful Rot, Ignite Poison
                  | and Freezing Cloud to your library.
  3567 | D:5      | Entered Level 5 of the Dungeon
  3567 | D:5      | Found Qyffid's Overcharged Wands.
  3614 | D:5      | Reached skill level 1 in Ice Magic
  3789 | D:5      | Found Juokin's Book Boutique.
  3792 | D:5      | Acquired 999 gold pieces
  3795 | D:5      | Bought a book of the Earth for 396 gold pieces
  3795 | D:5      | You pick up a book of the Earth and begin reading...
  3795 | D:5      | You add the spells Leda's Liquefaction, Lee's Rapid
                  | Deconstruction and Statue Form to your library.
  4003 | D:5      | Found a bloodstained altar of Trog.
  4176 | D:5      | Reached skill level 2 in Ice Magic
  4279 | D:6      | Noticed Prince Ribbit
  4344 | D:6      | Found a shimmering altar of Xom.
  4359 | D:6      | Noticed Sigmund
  4429 | D:6      | Reached XP level 8. HP: 51/54 MP: 0/14
  4626 | D:6      | Found Fenletic's Book Shoppe.
  4676 | D:6      | Found a sand-covered staircase.
  4683 | Ossuary  | Entered an ossuary
  4756 | Ossuary  | Reached skill level 3 in Ice Magic
  4834 | Ossuary  | Reached skill level 6 in Transmutations
  5224 | D:6      | Reached skill level 5 in Spellcasting
  5232 | D:6      | Reached skill level 5 in Unarmed Combat
  5509 | D:6      | Killed Sigmund
  5510 | D:6      | Reached skill level 4 in Ice Magic
  5788 | D:6      | Gained mutation: A meltable shield of frost defends you.
                  | (SH +4) [demonic ancestry]
  5788 | D:6      | Reached XP level 9. HP: 29/59 MP: 13/16
  6144 | D:6      | Reached skill level 7 in Transmutations
  6201 | D:6      | Noticed Menkaure
  6205 | D:6      | Killed Menkaure
  6431 | D:6      | Learned a level 6 spell: Statue Form
  6627 | D:7      | Noticed Maggie
  6699 | D:7      | Killed Maggie
  6700 | D:7      | Reached skill level 5 in Ice Magic
  6700 | D:7      | Reached skill level 1 in Earth Magic
  6768 | D:7      | Reached skill level 2 in Earth Magic
  7374 | D:7      | Reached skill level 3 in Earth Magic
  7842 | D:7      | Found a staircase to the Ecumenical Temple.
  7848 | Temple   | Entered the Ecumenical Temple
  7848 | Temple   | Found a transporter.
  7848 | Temple   | Found a transporter.
  7850 | Temple   | Found a transporter.
  7850 | Temple   | Found a transporter.
  7883 | Temple   | Became a worshipper of Makhleb the Destroyer
  7933 | D:7      | Reached skill level 6 in Unarmed Combat
  7933 | D:7      | Reached skill level 6 in Spellcasting
  8264 | D:8      | Reached skill level 1 in Invocations
  8274 | D:8      | Reached skill level 8 in Transmutations
  8419 | D:8      | Gained mutation: Your movements are less encumbered by
                  | armour. (ER -4) [demonic ancestry]
  8419 | D:8      | Reached XP level 10. HP: 63/63 MP: 13/19
  8651 | D:8      | You fall into a shaft and drop 1 floor!
  8657 | D:9      | Found an iron altar of Okawaru.
  8808 | D:9      | Reached skill level 2 in Invocations
  9070 | D:8      | You add the spells Cause Fear, Irradiate and Storm Form to
                  | your library.
  9070 | D:8      | Got the Notes on Reformation and Guile
  9098 | D:8      | Reached skill level 4 in Earth Magic
  9252 | D:8      | Noticed Psyche
  9260 | D:8      | Killed Psyche
  9306 | D:8      | Reached * piety under Makhleb
  9306 | D:8      | HP: 16/78 [something (13)]
  9307 | D:8      | HP: 1/78 [basilisk (16)]
  9539 | D:8      | Noticed Joseph
  9555 | D:8      | Killed Joseph
  9555 | D:8      | Noticed Pikel
  9556 | D:8      | Reached skill level 3 in Invocations
  9573 | D:8      | Killed Pikel
  9589 | D:8      | Reached skill level 5 in Earth Magic
  9923 | D:8      | Found a staircase to the Lair.
 10036 | D:9      | Found a sacrificial altar of Ru.
 10065 | D:9      | Reached skill level 4 in Invocations
 10134 | D:9      | Reached skill level 9 in Transmutations
 10289 | D:9      | HP: 19/78 [killer bee (1)]
 10290 | D:9      | HP: 6/78 [killer bee (8)]
 10493 | D:9      | HP: 13/78 [orc warrior/+0 heavy scimitar (16)]
 10494 | D:9      | Slain by an orc warrior

Vanquished Creatures
  Pikel (D:8)
  Joseph (D:8)
  Psyche (D:8)
  Maggie (D:7)
  A komodo dragon (D:8)
  Grinder (D:3)
  Sigmund (D:6)
  3 basilisks (D:8)
  4 steam dragons
  Menkaure (D:6)
  2 water moccasins
  2 orc warriors
  An ice beast (D:6)
  2 sky beasts
  2 ogres
  3 phantoms
  A centaur (D:8)
  2 lemures (D:8)
  An elf zombie (D:6)
  2 bullfrogs
  4 kobold brigands
  3 scorpions
  A gnoll sergeant (D:9)
  An elf skeleton (D:6)
  8 wights
  10 killer bees
  2 howler monkeys
  A human zombie (D:6)
  A hound (D:4)
  A gnoll bouda (D:6)
  4 orc priests
  A sleepcap (D:8)
  A human skeleton (D:6)
  2 iguanas
  13 orc wizards
  Terence (D:2)
  A hell rat (Sewer)
  8 mummies (Ossuary)
  9 gnolls
  4 adders
  2 river rats
  A shadow imp (D:6)
  4 white imps
  2 ufetubi
  3 worms
  3 dart slugs
  27 orcs
  6 ball pythons
  10 endoplasms
  6 giant cockroaches
  A gnoll zombie (Ossuary)
  A goblin (D:1)
  4 hobgoblins
  7 jackals
  17 kobolds
  4 quokkas
  6 bats
  2 frilled lizards (D:3)
  2 hobgoblin zombies (Ossuary)
  3 kobold zombies (Ossuary)
  2 orc skeletons (D:6)
  2 orc zombies (Ossuary)
  10 rats
234 creatures vanquished.

Vanquished Creatures (collateral kills)
  A killer bee (D:6)
  An orc (D:4)
  2 goblins (D:5)
  A hobgoblin (D:4)
5 creatures vanquished.

Grand Total: 239 creatures vanquished

Table legend:
 A = Non-vault XP
 B = Vault XP
 C = Vault XP percentage of total XP
 D = Non-vault monster count
 E = Vault monster count
 F = Vault count percentage of total count
                 A         B        C        D         E       F
            +---------+---------+-------+---------+---------+-------
      Total |    5092 |    4765 |  48.3 |     172 |      65 |  27.4
            +---------+---------+-------+---------+---------+-------
        D:1 |      37 |       6 |  14.0 |      22 |       4 |  15.4
        D:2 |      30 |      32 |  51.6 |      14 |       1 |   6.7
        D:3 |      29 |     267 |  90.2 |      11 |       1 |   8.3
        D:4 |     302 |     191 |  38.7 |      14 |       9 |  39.1
        D:5 |     415 |      18 |   4.2 |       8 |       3 |  27.3
        D:6 |    1362 |     595 |  30.4 |      36 |      10 |  21.7
        D:7 |     952 |     473 |  33.2 |      21 |       3 |  12.5
        D:8 |    1356 |    2722 |  66.7 |      30 |       9 |  23.1
        D:9 |     609 |     258 |  29.8 |      16 |       3 |  15.8
      Sewer |       0 |      49 | 100.0 |       0 |       6 | 100.0
    Ossuary |       0 |     154 | 100.0 |       0 |      16 | 100.0
            +---------+---------+-------+---------+---------+-------

Illustrated notes

Table legend:
 A = Kills in this place as a percentage of kills in the entire game.
 B = Kills by you in this place as a percentage of kills by you in the entire game.
 C = Kills by friends in this place as a percentage of kills by friends in the entire game.
 D = Other kills in this place as a percentage of other kills in the entire game.
 E = Experience gained in this place as a percentage of experience gained in the entire game.
 F = Experience gained in this place divided by the number of levels of this place that you have seen.
                   A       B       C       D       E      F
               +-------+-------+-------+-------+-------+----------------------
         Total | 100.0 | 100.0 | 100.0 |   N/A | 100.0 | 821.4
       Dungeon |  90.7 |  90.5 | 100.0 |   N/A |  97.9 | 1072.7
         Sewer |   2.5 |   2.6 |   0.0 |   N/A |   0.5 |  49.0
       Ossuary |   6.8 |   6.9 |   0.0 |   N/A |   1.6 | 154.0
               +-------+-------+-------+-------+-------+----------------------

Table legend: (Time is in decaauts)
 A = Elapsed time spent in this place.
 B = Non-inter-level travel time spent in this place.
 C = Inter-level travel time spent in this place.
 D = Time resting spent in this place.
 E = Time spent auto-exploring this place.
 F = Levels seen in this place.
 G = Mean time per level.
                   A        B        C        D        E       F      G
               +--------+--------+--------+--------+--------+-----+--------+
         Total |  10452 |  10197 |    255 |    575 |   7541 |  12 |  871.0 |
       Dungeon |   9693 |   9456 |    237 |    539 |   7045 |   9 | 1077.0 |
        Temple |     53 |     36 |     17 |      0 |      6 |   1 |   53.0 |
         Sewer |    295 |    295 |      0 |     16 |    223 |   1 |  295.0 |
       Ossuary |    408 |    408 |      0 |     20 |    267 |   1 |  408.0 |
               +--------+--------+--------+--------+--------+-----+--------+

Top non-repeatable levels by time:
     D:6: 1931 daAuts
     D:8: 1868 daAuts
     D:7: 1555 daAuts
     D:1: 1090 daAuts
     D:4: 844 daAuts
     D:2: 777 daAuts
     D:5: 706 daAuts
     D:3: 557 daAuts
 Ossuary: 408 daAuts
     D:9: 362 daAuts
   Sewer: 295 daAuts
  Temple: 53 daAuts
